 Dungeon Crawl Stone Soup version 0.24-a0-131-g11e5bb6019 (webtiles) character file.

Game seed: 7000328579345718407

60 Hercules1031 the Ducker (level 3, -18/19 HPs)
             Began as a Spriggan Monk on Feb 27, 2019.
             Demolished by an ogre
             ... wielding a cursed -1 giant club
              (28 damage)
             ... on level 2 of the Dungeon.
             The game lasted 00:06:08 (2003 turns).

Hercules1031 the Ducker (Spriggan Monk)             Turns: 2003, Time: 00:06:09

Health: -18/19     AC:  2    Str:  7    XL:     3   Next: 80%
Magic:  4/4        EV: 21    Int: 11    God:
Gold:   46         SH:  0    Dex: 19    Spells: 2/2 levels left

rFire    . . .     SeeInvis +   a - +0 short sword
rCold    . . .     Gourm    .   (shield restricted)
rNeg     . . .     Faith    .   b - +0 robe
rPois    .         Spirit   .   (helmet restricted)
rElec    .         Reflect  .   (no cloak)
rCorr    .         Harm     .   (gloves unavailable)
MR       .....                  (boots unavailable)
Stlth    +++.......             (no amulet)
HPRegen  0.06/turn              (no ring)
MPRegen  0.09/turn              (no ring)

@: flying, very quick
A: very small, unfitting armour, see invisible, herbivore, speed 3, slow
metabolism 2
a: no special abilities


You were on level 2 of the Dungeon.
You were not hungry.

You visited 1 branch of the dungeon, and saw 2 of its levels.

You collected 46 gold pieces.

Inventory:

Hand Weapons
 a - a +0 short sword (weapon)
Armour
 b - a +0 robe (worn)
Jewellery
 c - an uncursed ring of protection from magic {unknown}
Scrolls
 d - a scroll of teleportation {unknown}
 e - a scroll of amnesia {unknown}


   Skills:
 + Level 2.8 Fighting
 + Level 3.7 Short Blades
 + Level 5.0 Dodging
 * Level 4.8 Stealth


You had 2 spell levels left.
You didn't know any spells.
Your spell library was empty.

Dungeon Overview and Level Annotations

Branches:
Dungeon (2/15)

Altars:
Nemelex Xobeh


Innate Abilities, Weirdness & Mutations

You are very small and have problems with some larger weapons.
You are too small for most types of armour.
You have supernaturally acute eyesight. (SInv)
You are a herbivore.
You cover ground extremely quickly.
You need to consume almost no food.


Message History

The ogre shouts!
You hear a shout!
You hear an angry hiss.
Found a stone staircase leading down.
It was a potion of flight.
You feel very buoyant.
You fly up into the air.
You see here a scroll of immolation.
The ogre closely misses you.
You hit the ogre.
The ogre is lightly wounded.
The ogre hits you with a cursed -1 giant club.
You hit the ogre.
The ogre is moderately wounded.
You hit the ogre.
The ogre is moderately wounded.
The ogre misses you.
You barely miss the ogre.
The ogre is moderately wounded.
The ogre hits you with a cursed -1 giant club!!
Ouch! That really hurt!
You die...

#..#.†..........#..
##................<.
#....................
(..#.##...............
.##.. ##..††..........
#. ##..........###
##.. ###........####
.....##?.......###
#.SO@#..#...#
#..g........##
....)###.....## #....
#...### #..# ...## ..#
..... .. >...## ...
....## .... ..#


You could see an ogre, an adder and a hobgoblin.

Vanquished Creatures
  A gnoll (D:1)
  An adder (D:2)
  2 dart slugs (D:1)
  4 giant cockroaches
  6 goblins (D:1)
  5 hobgoblins (D:1)
  6 bats
  5 kobolds (D:1)
  8 rats
38 creatures vanquished.

Vanquished Creatures (others)
  4 toadstools (D:1)
4 creatures vanquished.

Grand Total: 42 creatures vanquished

Notes
Turn   | Place    | Note
-------+----------+-------------------------------------------
     0 | D:1      | Hercules1031 the Spriggan Monk began the quest for the Orb.
     0 | D:1      | Reached XP level 1. HP: 11/11 MP: 2/2
   446 | D:1      | Reached XP level 2. HP: 16/16 MP: 3/3
  1038 | D:1      | Found a sparkling altar of Nemelex Xobeh.
  1059 | D:1      | Reached XP level 3. HP: 18/19 MP: 4/4
  1985 | D:2      | Reached skill level 5 in Dodging
  1992 | D:2      | Noticed an ogre
  2003 | D:2      | Demolished by an ogre

Levels and vault maps discovered:
D:1:      ldierk_walled_garden_2, layout_loops_corners, chequers_big_river,
          nemelex_xobeh_ov_fountains_minmay
D:2:      layout_rooms

Skill      XL: |  1  2  3 |
---------------+----------+-----
Stealth        | 4 |  4.8
Dodging        | 5 |  5.0
Fighting       | |  2.8
Short Blades   | |  3.7

Action                   || total
-------------------------++-------
Melee: Short sword       ||   137
  Use: Scroll            ||     2
       Potion            ||     2
 Stab: Sleeping          ||     5
  Eat: Ration            ||     1
Armor: Robe              ||    12
Dodge: Dodged            ||   122

Table legend:
 A = Non-vault XP
 B = Vault XP
 C = Vault XP percentage of total XP
 D = Non-vault monster count
 E = Vault monster count
 F = Vault count percentage of total count
                 A         B        C        D         E       F
            +---------+---------+-------+---------+---------+-------
      Total |      86 |       0 |   0.0 |      38 |       0 |   0.0
            +---------+---------+-------+---------+---------+-------
        D:1 |      68 |       0 |   0.0 |      33 |       0 |   0.0
        D:2 |      18 |       0 |   0.0 |       5 |       0 |   0.0
            +---------+---------+-------+---------+---------+-------
